 Dungeon Crawl Stone Soup version 0.30.0-29-ga12c61a403 (webtiles) character file.

Game seed: 17003660734448050555

17 AlliterativeMan the Trooper (level 2, 0/26 HPs)
             Began as a Draconian Fighter on June 19, 2023.
             Was an Initiate of Gozag.
             Constricted to death by a ball python (1 damage)
             ... on level 2 of the Dungeon.
             The game lasted 00:02:03 (1005 turns).

AlliterativeMan the Trooper (Draconian Fighter)     Turns: 1005, Time: 00:02:05

Health: 0/26       AC:  4    Str: 18    XL:     2   Next: 44%
Magic:  2/2        EV:  9    Int:  8    God:    Gozag
Gold:   126        SH:  4    Dex: 10    Spells: 1/1 levels left

rFire   . . .        a - +0 long sword
rCold   . . .        b - +0 buckler
rNeg    . . .        (body armour unavailable)
rPois   .            (helmet restricted)
rElec   .            (no cloak)
rCorr   .            (no gloves)
SInv    .            (no boots)
Will    .....        (no amulet)
Stlth   +            (no ring)
HPRegen 0.24/turn    (no ring)
MPRegen 0.08/turn

%: no passive effects
@: brilliant, lethally poisoned (0 -> -4), constricted
A: AC +4, unfitting armour, cold-blooded
a: Renounce Religion, Potion Petition, Call Merchant, Bribe Branch


You were on level 2 of the Dungeon.
You worshipped Gozag.
Gozag was aware of your devotion.
You visited 1 branch of the dungeon, and saw 2 of its levels.

You collected 126 gold pieces.

Inventory:

Hand Weapons
 a - a +0 long sword (weapon)
Armour
 b - a +0 buckler (worn)
Scrolls
 d - a scroll of identify {unknown}
 e - a scroll of teleportation {unknown}
 g - a scroll of magic mapping {unknown}
Potions
 c - a potion of might
 h - a potion of magic


   Skills:
 * Level 3.5 Fighting
 * Level 2.1 Long Blades
 * Level 2.9 Dodging
 * Level 0.5 Stealth
 * Level 3.2 Shields


You had one spell level left.
You didn't know any spells.
Your spell library contained the following spells:

 Spells                   Type           Power      Damage    Failure   Level
 Slow                     Hex            0%         N/A       50%         1
 Confusing Touch          Hex            0%         N/A       86%         3
 Vampiric Draining        Necr           0%         2d6       86%         3


Dungeon Overview and Level Annotations

Branches:
Dungeon (2/15)

Altars:
Gozag


Innate Abilities, Weirdness & Mutations

Your plain brown scales are hard. (AC +4)
You cannot fit into any form of body armour.
You are cold-blooded and may be slowed by cold attacks.


Message History

The ball python bites you but does no damage.
The ball python constricts you.
You slash the adder!
The adder is severely wounded.
You feel sick. You block the adder's attack. The ball python barely misses you.
The ball python constricts you. The adder bites you. The ball python bites you.
The ball python constricts you.
You barely miss the adder.
The adder is severely wounded.
You feel sick.
You are no longer poisoned.
You block the adder's attack. The ball python barely misses you.
The ball python constricts you. The adder bites you but does no damage.
You barely miss the adder.
The adder is severely wounded.
The ball python closely misses you. The ball python constricts you.
The adder bites you.
* * * LOW HITPOINT WARNING * * *
You are poisoned.
The adder poisons you! The ball python barely misses you.
The ball python constricts you. You block the adder's attack.
It was a potion of magic.
Magic courses through your body.
You feel sick. You block the ball python's attack.
The ball python constricts you.
* * * LOW HITPOINT WARNING * * *
The adder bites you but does no damage.
It was a potion of cancellation.
You feel magically purged.
* * * LOW HITPOINT WARNING * * *
You feel sick. The ball python barely misses you.
The ball python constricts you. The adder bites you.
* * * LOW HITPOINT WARNING * * *
You are more poisoned.
The adder poisons you!
It was a potion of brilliance.
You feel clever all of a sudden.
* * * LOW HITPOINT WARNING * * *
You feel sick. The adder closely misses you.
The ball python bites you but does no damage.
The ball python constricts you.
You die...
Your body crumbles into a pile of gold.

#...####'#### ..
##......#..# ...
...........# ....
###.....####
....#########.....#
..................#
..................#
.........!........#
......S@.........##
......S.$$?...(..#
........$........#
###..............#
#..............#
#..............#
#..............#
################


You could see an adder and a ball python.

Vanquished Creatures
  A ball python (D:2)
  2 endoplasms (D:1)
  A giant cockroach (D:1)
  2 goblins (D:2)
  A hobgoblin (D:2)
  A quokka (D:2)
  2 bats
  A frilled lizard (D:2)
  3 kobolds (D:1)
  A rat (D:1)
15 creatures vanquished.

Notes
Turn   | Place    | Note
-------+----------+-------------------------------------------
     0 | D:1      | AlliterativeMan the Draconian Fighter began the quest for
                  | the Orb.
     0 | D:1      | Reached XP level 1. HP: 19/19 MP: 1/1
    37 | D:1      | Noticed a floating eye
    39 | D:1      | Found a faded altar of an unknown god.
    41 | D:1      | Noticed a floating eye
    42 | D:1      | Noticed a shining eye
    42 | D:1      | Noticed a great orb of eyes
    47 | D:1      | Prayed at the altar of an unknown god.
    47 | D:1      | Became a worshipper of Gozag Ym Sagoz the Greedy
   440 | D:1      | Reached XP level 2. HP: 26/26 MP: 2/2
  1005 | D:2      | HP: 1/26 [poisoned by an adder]
  1005 | D:2      | Constricted to death by a ball python

Illustrated notes

Levels and vault maps discovered:
D:1:      kennysheep_arrival_seaside, layout_basic,
          hellmonk_ecumenical_altar_watching_god
D:2:      layout_basic, kennysheep_generic_room_10, uniq_natasha, uniq_robin

Action                     || total
---------------------------++-------
  Melee: Long sword        ||    39
         Tailslap          ||     4
    Use: Potion            ||     3
   Stab: Distracted        ||     1
 Armour: Skin              ||    20
  Dodge: Dodged            ||    35
  Block: Buckler           ||    10
